 Dungeon Crawl Stone Soup version 0.30-a0-860-g512cf1e979 (webtiles) character file.

Game seed: 8449785000181379931

57 qeuew the Trooper (level 3, 0/29 HPs)
             Began as a Demonspawn Chaos Knight on Mar 7, 2023.
             Was a Plaything of Xom.
             Slain by a rust devil (7 damage)
             ... summoned by Xom
             ... on level 3 of the Dungeon.
             The game lasted 00:02:20 (1744 turns).

qeuew the Trooper (Demonspawn Chaos Knight)         Turns: 1744, Time: 00:02:20

Health: 0/29       AC:  1    Str: 15    XL:     3   Next: 73%
Magic:  3/3        EV: 11    Int: 11    God:    Xom [..*...]
Gold:   143        SH:  0    Dex: 14    Spells: 2/2 levels left

rFire   . . .      SeeInvis .    f - +6 dagger of Conflict {freeze, rElec Str+3}
rCold   . . .      Faith    .    (no shield)
rNeg    + . .      Spirit   .    b - +2 leather armour
rPois   .          Reflect  .    (helmet restricted)
rElec   +          Rampage  .    (no cloak)
rCorr   .          Rage     3%   (no gloves)
Will    .....                    (no boots)
Stlth   +                        (no amulet)
HPRegen 0.24/turn                g - ring of positive energy
MPRegen 0.08/turn                (no ring)

@: corroded, unable to read
A: antennae 1, demonic magic 1, berserk 1, dopey 1, inability to read after
injury 1
a: Renounce Religion


You were on level 3 of the Dungeon.
You worshipped Xom.
You were a toy of Xom.
You visited 1 branch of the dungeon, and saw 3 of its levels.

You collected 143 gold pieces.

Inventory:

Hand Weapons
 a - a +1 falchion of chaos
 f - the +6 dagger of Conflict (weapon) {freeze, rElec Str+3}
   (You found it on level 2 of the Dungeon)

   Str:       It affects your strength (+3).
   rElec:     It insulates you from electricity.
Armour
 b - a +2 leather armour (worn)
Jewellery
 g - a ring of positive energy (left hand)
 m - a ring of flight
Scrolls
 d - 3 scrolls of magic mapping
 h - a scroll of poison {unknown}
 i - a scroll of fog
 k - a scroll of amnesia {unknown}
 l - a scroll of identify
Potions
 e - a potion of haste
 j - 4 potions of heal wounds {unknown}
Miscellaneous
 c - a piece from Xom's chessboard (15/15) (quivered)


   Skills:
 + Level 3.2 Fighting
 * Level 0.6(2.0) Short Blades
 - Level 3.0 Long Blades
 * Level 2.5 Armour
 + Level 1.5 Dodging
 + Level 0.9 Evocations


You had 2 spell levels left.
You didn't know any spells.
Your spell library contained the following spells:

 Spells                   Type           Power      Damage    Failure   Level
 Sublimation of Blood     Necr           0%         N/A       54%         2
 Wereblood                Tmut           0%         N/A       54%         2
 Summon Hydra             Summ           0%         N/A       100%        7


Dungeon Overview and Level Annotations

Branches:
Dungeon (3/15)

Altars:
Makhleb
Wu Jian


Innate Abilities, Weirdness & Mutations

You have a pair of small antennae on your head.
Spells you cast may paralyse adjacent enemies.
You sometimes lose your temper in combat.
You are dopey. (Int -2)
You occasionally lose the ability to read scrolls when taking damage.


Message History

There is a dry fountain here. "Let's see if it's strong enough to survive yet."
You are now a toy of Xom.
The orc wizard mumbles some strange words.
The orc wizard flickers and vanishes!
Deactivating autopickup; reactivate with Ctrl-A.
You hit the iron imp but do no damage. You hit the iron imp but do no damage.
The orc hits you with a +0 hand axe.
An orc priest comes into view. It is wielding a +0 whip.
The iron imp hits you!
You are too injured to fight recklessly!
You are too injured to fight recklessly!
You are too injured to fight recklessly!
You are too injured to fight recklessly!
You are too injured to fight recklessly!
You are too injured to fight recklessly!
You are too injured to fight recklessly!
You are too injured to fight recklessly!
You are too injured to fight recklessly!
You are too injured to fight recklessly!
You are too injured to fight recklessly!
You are too injured to fight recklessly!
You are too injured to fight recklessly!
You are too injured to fight recklessly!
Unknown command.
The orc attacks as you move away! The orc hits you with a +0 hand axe.
The rust devil hits you!
You feel threatened and lose the ability to read scrolls!
* * * LOW HITPOINT WARNING * * *
A shower of butterflies erupts from you!
The rust devil corrodes you! The orc misses your butterfly.
The orc hits your butterfly with a +0 hand axe.
Your butterfly dies!
Your butterfly disappears in a puff of smoke!
The iron imp hits your butterfly!
Your butterfly dies!
Your butterfly disappears in a puff of smoke!
You open the door. The rust devil hits you!
You die... "Huh?
Did I miss anything?"

.....# .....# #. .....#
... #### .....# #.##...##
.....# #.#.8.8.# .....#
#.#.._..# .....####
#.#...8.# .)..)...##
+#b#'...#
.....###.#####..@#####..
#######........4.ยง{.o.o.
######...#####.5o#####.#
........## +#.#+
#######.# #.# ........#
#.# #######.#{ #.#
##......## #.# ##.####..#
...


You could see a rust devil (summoned, ally target), an iron imp (summoned) and
an orc.

Vanquished Creatures
  3 worms (D:3)
  2 dart slugs (D:1)
  3 orcs (D:3)
  4 ball pythons
  2 bats
  2 endoplasms (D:3)
  A giant cockroach (D:2)
  7 goblins
  5 hobgoblins
  A quokka (D:2)
  A frilled lizard (D:1)
  4 kobolds
  4 rats
39 creatures vanquished.

Notes
Turn   | Place    | Note
-------+----------+-------------------------------------------
     0 | D:1      | qeuew the Demonspawn Chaos Knight began the quest for the
                  | Orb.
     0 | D:1      | Reached XP level 1. HP: 18/18 MP: 1/1
    85 | D:1      | Reached skill level 1 in Dodging
    96 | D:1      | XOM: silly message
   214 | D:1      | XOM: noise
   277 | D:1      | XOM: give mutations
   277 | D:1      | Gained mutation: You occasionally lose the ability to read
                  | scrolls when taking damage. [Xom's mischief]
   277 | D:1      | Gained mutation: You are dopey. (Int -2) [Xom's mischief]
   277 | D:1      | Gained mutation: You sometimes lose your temper in combat.
                  | [Xom's mischief]
   284 | D:1      | Gained mutation: You have a pair of small antennae on your
                  | head. [demonic ancestry]
   284 | D:1      | Reached XP level 2. HP: 24/24 MP: 2/2
   346 | D:1      | XOM: 2-stop teleportation journey
   901 | D:2      | Identified the +6 dagger of Conflict {freeze, rElec Str+3}
   992 | D:2      | Identified the +3 whip of Ceec {protect, Fly rPois Int-4}
  1034 | D:2      | XOM: draining
  1040 | D:2      | Found an ornate altar of the Wu Jian Council.
  1194 | D:3      | Gained mutation: Spells you cast may paralyse adjacent
                  | enemies. [demonic ancestry]
  1194 | D:3      | Reached XP level 3. HP: 23/28 MP: 3/3
  1430 | D:3      | XOM: noise
  1740 | D:3      | XOM: summons 2 hostile demons
  1741 | D:3      | Noticed a rust devil
  1743 | D:3      | XOM: butterfly on damage
  1744 | D:3      | Found a burning altar of Makhleb.
  1744 | D:3      | Slain by a rust devil

Illustrated notes

Levels and vault maps discovered:
D:1:      roderic_crossed_star, layout_basic, skrybe_limestone_x,
          grunt_decor_cap
D:2:      layout_rooms, basic_altar
D:3:      layout_loops_ring, grunt_temple_overflow_cloverleaf, serial_glass,
          glass_columns_b, glass_columns_b, glass_columns_c,
          chequers_mini_garden, serial_bayou_lagoon_a, lightli_corner_chamber

Skill      XL: |  1  2 |
---------------+-------+-----
Dodging        | 1 |  1.5
Armour         | 2 |  2.5
Long Blades    | 3 |  3.0
Fighting       | |  3.2
Short Blades   | |  0.6
Evocations     | |  0.9

Action                     || total
---------------------------++-------
  Melee: Falchion          ||    38
         Dagger            ||    62
         Punch             ||     1
    Use: Scroll            ||     5
         Potion            ||     3
 Armour: Leather armour    ||    24
  Dodge: Dodged            ||    43

Table legend: (Time is in decaauts)
 A = Elapsed time spent in this place.
 B = Non-inter-level travel time spent in this place.
 C = Inter-level travel time spent in this place.
 D = Time resting spent in this place.
 E = Time spent auto-exploring this place.
 F = Levels seen in this place.
 G = Mean time per level.
                   A        B        C        D        E       F      G
               +--------+--------+--------+--------+--------+-----+--------+
         Total |   1767 |   1719 |     48 |      0 |   1420 |   3 |  589.0 |
       Dungeon |   1767 |   1719 |     48 |      0 |   1420 |   3 |  589.0 |
               +--------+--------+--------+--------+--------+-----+--------+

Top non-repeatable levels by time:
     D:1: 838 daAuts
     D:3: 568 daAuts
     D:2: 361 daAuts
